TOP OF THE 1ST |
San Francisco Bandits batting - Pitching for New York Knights : LHP Raúl Fernández
|
Pitching: LHP Raúl Fernández
|
|
Batting: RHB Scott Merritt
|
0-0: Called Strike 0-1: Foul Ball, location: 2F 0-2: Ground out 4-3 (Groundball, 4)
|
Batting: RHB Peter Bishop
|
0-0: Swinging Strike 0-1: Ball 1-1: Foul Ball, location: 2F 1-2: Ball 2-2: Ground out 4-3 (Groundball, 4)
|
Batting: LHB Chris Austin
|
0-0: Ball 1-0: Fly out, F9 (Flyball, 9LSF)
|
Top of the 1st over - 0 runs, 0 hits, 0 errors, 0 left on base; San Francisco 0 - New York 0 |
BOTTOM OF THE 1ST |
New York Knights batting - Pitching for San Francisco Bandits : LHP Jesús López
|
Pitching: LHP Jesús López
|
|
Batting: LHB Bob Campbell
|
0-0: Foul Ball, location: 2F 0-1: Ball 1-1: Ball 2-1: Foul Ball, location: 2F 2-2: Foul Ball, location: 2F 2-2: Strikes out swinging
|
Batting: LHB Willie Wallace
|
0-0: Ball 1-0: Fly out, F8 (Flyball, 8RS)
|
Batting: SHB Mark Wells
|
0-0: Ball 1-0: Fly out, F6 (Line Drive, 6)
|
Bottom of the 1st over - 0 runs, 0 hits, 0 errors, 0 left on base; San Francisco 0 - New York 0 |
TOP OF THE 2ND |
San Francisco Bandits batting - Pitching for New York Knights : LHP Raúl Fernández
|
Batting: RHB Owen Carter
|
0-0: SINGLE (Groundball, 56D)
|
Batting: LHB Mario García
|
0-0: Foul Ball, location: 2F 0-1: Ball 1-1: Ball 2-1: Fly out, F9 (Line Drive, 9D)
|
Batting: RHB Michael Elliott
|
0-0: Called Strike 0-1: Foul Ball, location: 2F 0-2: Fielders Choice at 2nd, 6-4 (Groundball, 56)
|
Batting: LHB Alan McGilroy
|
0-0: Called Strike 0-1: Called Strike 0-2: Ball Michael Elliott steals 2nd base 1-2: Strikes out swinging
|
Top of the 2nd over - 0 runs, 1 hit, 0 errors, 1 left on base; San Francisco 0 - New York 0 |
BOTTOM OF THE 2ND |
New York Knights batting - Pitching for San Francisco Bandits : LHP Jesús López
|
Batting: RHB Vic Langlois
|
0-0: Called Strike 0-1: Foul Ball, location: 2F 0-2: Strikes out swinging
|
Batting: RHB Alberto Hernández
|
0-0: Fly out, F7 (Flyball, 7D)
|
Batting: RHB Jackson Gibson
|
0-0: Ground out 6-3 (Groundball, 6)
|
Bottom of the 2nd over - 0 runs, 0 hits, 0 errors, 0 left on base; San Francisco 0 - New York 0 |
TOP OF THE 3RD |
San Francisco Bandits batting - Pitching for New York Knights : LHP Raúl Fernández
|
Batting: SHB Terry Dailey
|
0-0: Ball 1-0: Called Strike 1-1: Called Strike 1-2: Fly out, F5 (Line Drive, 5)
|
Batting: RHB Lorenzo Mota
|
0-0: Ball 1-0: Called Strike 1-1: Ball 2-1: TRIPLE (Line Drive, 9D)
|
Batting: RHB Scott Merritt
|
0-0: SINGLE (Groundball, 56D) Lorenzo Mota scores
|
Batting: RHB Peter Bishop
|
0-0: SINGLE (Groundball, 4MD) Scott Merritt to second
|
Batting: LHB Chris Austin
|
0-0: Called Strike 0-1: Ball 1-1: Swinging Strike 1-2: Fly out, F7 (Line Drive, 7)
|
Batting: RHB Owen Carter
|
0-0: Ball 1-0: Foul Ball, location: 2F 1-1: Ball 2-1: Fly out, F3 (Flyball, 3D)
|
Top of the 3rd over - 1 run, 3 hits, 0 errors, 2 left on base; San Francisco 1 - New York 0 |
BOTTOM OF THE 3RD |
New York Knights batting - Pitching for San Francisco Bandits : LHP Jesús López
|
Batting: RHB Yasuhiko Sumita
|
0-0: SOLO HOME RUN (Flyball, 78XD), Distance : 408 ft
|
Batting: RHB Gerald Miller
|
0-0: Ball 1-0: DOUBLE (Flyball, 8LXD)
|
Batting: RHB Robert Downing
|
0-0: Ball 1-0: SINGLE (Line Drive, 7S) Gerald Miller to third Runner from 3rd tries for Home, SAFE, throw made home
|
Batting: LHB Bob Campbell
|
0-0: Called Strike 0-1: Called Strike 0-2: Ball 1-2: Foul Ball, location: 2F 1-2: SINGLE (Groundball, 4MD) Robert Downing to second
|
Batting: LHB Willie Wallace
|
0-0: Ball 1-0: SINGLE (Flyball, 7S) Robert Downing to third Bob Campbell to second
|
Batting: SHB Mark Wells
|
0-0: Fly out, F8 (Flyball, 8RXD) Runner from 3rd tags up, SCORES, no throw Bob Campbell to third
|
Batting: RHB Vic Langlois
|
0-0: Ball 1-0: Called Strike 1-1: Ball 2-1: Foul Ball, location: 2F 2-2: Ground out 3-1 (Groundball, 3S) Bob Campbell scores Willie Wallace to second
|
Batting: RHB Alberto Hernández
|
0-0: Ball 1-0: Called Strike 1-1: Called Strike 1-2: Ball 2-2: Foul Ball, location: 2F 2-2: Foul Ball, location: 2F 2-2: 2-RUN HOME RUN (Flyball, 7D), Distance : 387 ft
|
Batting: RHB Jackson Gibson
|
0-0: Foul Ball, location: 2F 0-1: Ball 1-1: DOUBLE (Flyball, 7LD)
|
Pitching: LHP Manuel Rodríguez
|
|
Batting: RHB Yasuhiko Sumita
|
0-0: Swinging Strike 0-1: Ball 1-1: Foul Ball, location: 2F 1-2: Strikes out swinging, 2-3 out at first.
|
Bottom of the 3rd over - 6 runs, 7 hits, 0 errors, 1 left on base; San Francisco 1 - New York 6 |
TOP OF THE 4TH |
San Francisco Bandits batting - Pitching for New York Knights : LHP Raúl Fernández
|
Now at 3B: Héctor Vázquez
|
|
Batting: LHB Mario García
|
0-0: Ground out 4-3 (Groundball, 4M)
|
Batting: RHB Michael Elliott
|
0-0: Called Strike 0-1: Foul Ball, location: 2F 0-2: Ball 1-2: SINGLE (Flyball, 89M)
|
Batting: LHB Alan McGilroy
|
0-0: Grounds into double play, 4-6-3 (Groundball, 34)
|
Top of the 4th over - 0 runs, 1 hit, 0 errors, 0 left on base; San Francisco 1 - New York 6 |
BOTTOM OF THE 4TH |
New York Knights batting - Pitching for San Francisco Bandits : LHP Manuel Rodríguez
|
Batting: RHB Héctor Vázquez
|
0-0: Ball 1-0: Foul Ball, location: 2F 1-1: DOUBLE (Line Drive, 89D)
|
Batting: RHB Robert Downing
|
0-0: Called Strike 0-1: Called Strike 0-2: SINGLE (Line Drive, 15) Héctor Vázquez to third Runner from 3rd tries for Home, SAFE, no throw
|
Batting: LHB Bob Campbell
|
0-0: SINGLE (Groundball, 4MD) Robert Downing to second Runner from 2nd tries for 3rd, SAFE, no throw
|
Batting: LHB Willie Wallace
|
0-0: Called Strike 0-1: Ball Wild Pitch! Robert Downing scores Bob Campbell to second 1-1: Ball 2-1: Called Strike 2-2: DOUBLE (Line Drive, 9LM) Bob Campbell scores
|
Batting: SHB Mark Wells
|
0-0: Called Strike 0-1: Called Strike 0-2: Ball 1-2: Ball 2-2: Foul Ball, location: 2F 2-2: Ground out 6-3 (Groundball, 6) Willie Wallace to third
|
Batting: RHB Vic Langlois
|
0-0: Foul Ball, location: 2F 0-1: Ball 1-1: DOUBLE (Line Drive, 7LS) Willie Wallace scores
|
Batting: RHB Alberto Hernández
|
0-0: Ball 1-0: Swinging Strike 1-1: Foul Ball, location: 2F 1-2: Ball Wild Pitch! Vic Langlois to third 2-2: Strikes out looking
|
Batting: RHB Jackson Gibson
|
0-0: Ball 1-0: Foul Ball, location: 2F 1-1: Ball 2-1: Foul Ball, location: 2F 2-2: Foul Ball, location: 2F 2-2: Ball 3-2: Base on Balls
|
Batting: RHB Yasuhiko Sumita
|
0-0: Called Strike 0-1: SINGLE (Flyball, 9LS) Vic Langlois scores Jackson Gibson to second Runner from 2nd tries for 3rd, SAFE, no throw
|
Batting: RHB Héctor Vázquez
|
0-0: Ball 1-0: Fly out, F8 (Flyball, 8LS)
|
Bottom of the 4th over - 5 runs, 6 hits, 0 errors, 2 left on base; San Francisco 1 - New York 11 |
TOP OF THE 5TH |
San Francisco Bandits batting - Pitching for New York Knights : LHP Raúl Fernández
|
Batting: SHB Terry Dailey
|
0-0: Called Strike 0-1: Fly out, F6 (Line Drive, 6M)
|
Batting: RHB Lorenzo Mota
|
0-0: Called Strike 0-1: Foul Ball, location: 2F 0-2: Ground out U3 (Groundball, 3)
|
Batting: RHB Scott Merritt
|
0-0: Ball 1-0: Fly out, F8 (Flyball, 8RXD)
|
Top of the 5th over - 0 runs, 0 hits, 0 errors, 0 left on base; San Francisco 1 - New York 11 |
BOTTOM OF THE 5TH |
New York Knights batting - Pitching for San Francisco Bandits : LHP Manuel Rodríguez
|
Pitching: RHP Cristóbal Gómez
|
|
Batting: RHB Robert Downing
|
0-0: Ball 1-0: Ball 2-0: Fly out, F9 (Flyball, 89M)
|
Batting: LHB Bob Campbell
|
0-0: Ball 1-0: Ball 2-0: Called Strike 2-1: Foul Ball, location: 2F 2-2: Ground out 1-3 (Groundball, 13)
|
Batting: LHB Willie Wallace
|
0-0: Foul Ball, location: 2F 0-1: Called Strike 0-2: Ball 1-2: Ball 2-2: Strikes out swinging
|
Bottom of the 5th over - 0 runs, 0 hits, 0 errors, 0 left on base; San Francisco 1 - New York 11 |
TOP OF THE 6TH |
San Francisco Bandits batting - Pitching for New York Knights : LHP Raúl Fernández
|
Batting: RHB Peter Bishop
|
0-0: Foul Ball, location: 2F 0-1: Called Strike 0-2: Ground out 5-3 (Groundball, 56S)
|
Batting: LHB Chris Austin
|
0-0: Called Strike 0-1: Ball 1-1: Swinging Strike 1-2: Ball 2-2: Foul Ball, location: 2F 2-2: Fly out, F8 (Line Drive, 78D)
|
Batting: RHB Owen Carter
|
0-0: Called Strike 0-1: Swinging Strike 0-2: Strikes out swinging
|
Top of the 6th over - 0 runs, 0 hits, 0 errors, 0 left on base; San Francisco 1 - New York 11 |
BOTTOM OF THE 6TH |
New York Knights batting - Pitching for San Francisco Bandits : RHP Cristóbal Gómez
|
Batting: SHB Mark Wells
|
0-0: Called Strike 0-1: Ball 1-1: Foul Ball, location: 2F 1-2: Foul Ball, location: 2F 1-2: Ball 2-2: Ground out 6-3 (Groundball, 6M)
|
Batting: RHB Vic Langlois
|
0-0: Ball 1-0: Ball 2-0: Swinging Strike 2-1: Foul Ball, location: 2F 2-2: Foul Ball, location: 2F 2-2: Ball 3-2: Foul Ball, location: 2F 3-2: Foul Ball, location: 2F 3-2: Foul Ball, location: 2F 3-2: SINGLE (Flyball, 9S)
|
Batting: RHB Alberto Hernández
|
0-0: Ball 1-0: Ball 2-0: Ball 3-0: Base on Balls Vic Langlois to second
|
Batting: RHB Jackson Gibson
|
0-0: Ball 1-0: Swinging Strike 1-1: Foul Ball, location: 2F 1-2: Strikes out looking
|
Batting: RHB Yasuhiko Sumita
|
0-0: Foul Ball, location: 2F 0-1: SINGLE (Groundball, 34D) Vic Langlois to third Alberto Hernández to second Runner from 3rd tries for Home, SAFE, no throw
|
Batting: RHB Héctor Vázquez
|
0-0: Ball 1-0: Fly out, F8 (Flyball, 89M)
|
Bottom of the 6th over - 1 run, 2 hits, 0 errors, 2 left on base; San Francisco 1 - New York 12 |
TOP OF THE 7TH |
San Francisco Bandits batting - Pitching for New York Knights : LHP Raúl Fernández
|
Batting: LHB Mario García
|
0-0: Ball 1-0: Swinging Strike 1-1: Ball 2-1: DOUBLE (Line Drive, 9LS)
|
Batting: RHB Michael Elliott
|
0-0: Called Strike 0-1: Ball 1-1: Foul Ball, location: 2F 1-2: Fly out, F4 (Line Drive, 4M)
|
Batting: LHB Alan McGilroy
|
0-0: Called Strike 0-1: Foul Ball, location: 2F 0-2: Ball 1-2: Fly out, F8 (Flyball, 8RM)
|
Batting: SHB Terry Dailey
|
0-0: Ball 1-0: Ball 2-0: Ball 3-0: Called Strike 3-1: DOUBLE (Line Drive, 7LM) Mario García scores
|
Pitching: RHP Steve Poe
|
|
Pinch Hitting: RHB Javier Ramírez
|
0-0: Foul Ball, location: 2F 0-1: Ball 1-1: Ball 2-1: Swinging Strike 2-2: Ball 3-2: Foul Ball, location: 2F 3-2: Strikes out swinging
|
Top of the 7th over - 1 run, 2 hits, 0 errors, 1 left on base; San Francisco 2 - New York 12 |
BOTTOM OF THE 7TH |
New York Knights batting - Pitching for San Francisco Bandits : RHP Cristóbal Gómez
|
Now at 3B: Javier Ramírez
|
|
Batting: RHB Robert Downing
|
0-0: Ground out 5-3 (Groundball, 5)
|
Batting: LHB Bob Campbell
|
0-0: Ball 1-0: Fly out, F7 (Flyball, 7S)
|
Pitching: RHP Brad Sharpe
|
|
Batting: LHB Willie Wallace
|
0-0: SINGLE (Flyball, 34D)
|
Batting: SHB Mark Wells
|
0-0: Ball 1-0: Called Strike 1-1: Ball 2-1: Swinging Strike Pickoff Throw to First - Out!
|
Bottom of the 7th over - 0 runs, 1 hit, 0 errors, 0 left on base; San Francisco 2 - New York 12 |
TOP OF THE 8TH |
San Francisco Bandits batting - Pitching for New York Knights : RHP Steve Poe
|
Now at 1B: Bill McCraney
|
|
Now in LF: Jacob Pope
|
|
Batting: RHB Scott Merritt
|
0-0: Called Strike 0-1: Fly out, F7 (Flyball, 7S)
|
Batting: RHB Peter Bishop
|
0-0: Called Strike 0-1: Called Strike 0-2: Ball 1-2: Fly out, F9 (Flyball, 9S)
|
Batting: LHB Chris Austin
|
0-0: Called Strike 0-1: Ball 1-1: Ball 2-1: Foul Ball, location: 2F 2-2: Strikes out swinging
|
Top of the 8th over - 0 runs, 0 hits, 0 errors, 0 left on base; San Francisco 2 - New York 12 |
BOTTOM OF THE 8TH |
New York Knights batting - Pitching for San Francisco Bandits : RHP Brad Sharpe
|
Batting: SHB Mark Wells
|
0-0: Fly out, F7 (Flyball, 78M)
|
Batting: RHB Vic Langlois
|
0-0: Called Strike 0-1: Ball 1-1: Ball 2-1: Ball 3-1: Foul Ball, location: 2F 3-2: Base on Balls
|
Batting: RHB Alberto Hernández
|
0-0: Called Strike 0-1: Ball 1-1: Ball 2-1: Ball 3-1: SINGLE (Line Drive, 7S) Vic Langlois to second
|
Batting: RHB Jackson Gibson
|
0-0: Ball 1-0: Foul Ball, location: 2F 1-1: Ball 2-1: Foul Ball, location: 2F 2-2: Ball 3-2: Foul Ball, location: 2F 3-2: Strikes out looking
|
Batting: RHB Yasuhiko Sumita
|
0-0: Ball 1-0: Ball 2-0: Ball 3-0: Called Strike 3-1: Foul Ball, location: 2F 3-2: Base on Balls Vic Langlois to third Alberto Hernández to second
|
Batting: RHB Héctor Vázquez
|
0-0: Fly out, F5 (Popup, 5SF)
|
Bottom of the 8th over - 0 runs, 1 hit, 0 errors, 3 left on base; San Francisco 2 - New York 12 |
TOP OF THE 9TH |
San Francisco Bandits batting - Pitching for New York Knights : RHP Steve Poe
|
Batting: RHB Owen Carter
|
0-0: Ball 1-0: Foul Ball, location: 2F 1-1: Ball 2-1: Fly out, F3 (Line Drive, 3)
|
Batting: LHB Mario García
|
0-0: Ball 1-0: Ball 2-0: Ground out 6-3 (Groundball, 6)
|
Batting: RHB Michael Elliott
|
0-0: Ball 1-0: Called Strike 1-1: Fly out, F8 (Line Drive, 8LS)
|
Top of the 9th over - 0 runs, 0 hits, 0 errors, 0 left on base; San Francisco 2 - New York 12 |
|